Knights vs Carnivores
Created - January 29, 2019 at 19:01
Goals
|
| Knights |
1 |
4 |
1 |
6 |
| Carnivores |
1 |
0 |
1 |
2 |
|
Shots
|
| Knights |
9 |
15 |
5 |
29 |
| Carnivores |
12 |
4 |
11 |
27 |
|
1st period
1. Carnivores , Blake Geoffrion 34 (Nate Schmidt 25) at 8:27
2. Knights , Brandon Saad 8 (David Shields 1, Tom Wilson 10) at 18:02
Penalties :
No Penalty
2nd period
3. Knights , A.J. Jenks 1 (Noel Acciari 52) at 0:36
4. Knights , Noel Acciari 26 (Linden Vey 23) at 6:17
5. Knights , Cody Bass 3 (Josh Bailey 20, Michael Raffl 30) at 19:34
6. Knights , Michael Raffl 31 (Josh Bailey 21, Cody Bass 2) at 19:50
Penalties :
Jeremy Welsh (Bre) for Holding (Minor) at 12:07
3rd period
7. Carnivores , Markus Granlund 6 (Chris Lawrence 26) at 7:26
8. Knights , A.J. Jenks 2 (Jared Spurgeon 31, Linden Vey 24) at 17:08 (PP)
Penalties :
Sasha Pokulok (Bre) for Hooking (Minor) at 0:33, Sasha Pokulok (Bre) for Hooking (Minor) at 16:37
Goalie Stats
Ben Scrivens (Lon), 25 saves from 27 shots - (0.926), W, 18-9-3, 60:00 minutes
Antti Raanta (Bre), 4 saves from 5 shots - (0.800), 20:10 minutes
Tristan Jarry (Bre), 19 saves from 24 shots - (0.792), L, 2-7-0, 39:50 minutes
Players Stats for Knights
Player Name G A P +/- PIM S H SB GA TA FO MP PP MP PK MP
------------------------------------------------------------------------------------
A.J. Jenks 2 0 2 2 0 2 2 0 2 0 1/1 16:22 2:04 0:00
Alan Quine 0 0 0 0 0 2 1 0 0 0 3/6 9:49 0:00 0:00
Brandon Saad 1 0 1 0 0 1 1 0 0 0 0/0 11:42 0:00 0:00
Brendan Gaunce 0 0 0 0 0 2 0 0 1 0 2/7 11:42 0:00 0:00
Brett Connolly 0 0 0 0 0 0 0 0 0 0 0/0 0:38 0:14 0:00
Cody Bass 1 1 2 1 0 4 1 0 0 0 13/29 21:29 2:11 0:00
Collin Miller 0 0 0 1 0 0 1 0 0 0 0/0 9:57 0:00 0:00
Curtis Valk 0 0 0 0 0 0 0 0 0 0 0/0 0:00 0:00 0:00
David Shields 0 1 1 1 0 1 0 0 0 0 0/0 7:47 0:00 0:00
Jaccob Slavin 0 0 0 1 0 0 0 1 0 0 0/0 9:57 0:00 0:00
Jared Spurgeon 0 1 1 1 0 0 0 0 0 0 0/0 24:36 3:00 0:00
Jordan Martinook 0 0 0 0 0 0 1 0 0 0 0/0 9:49 0:00 0:00
Josh Bailey 0 2 2 1 0 3 3 0 1 0 0/0 21:29 2:11 0:00
Linden Vey 0 2 2 2 0 2 0 0 1 1 1/1 16:22 2:04 0:00
Ludwig Bystrom 0 0 0 1 0 0 0 0 0 0 0/0 7:47 0:00 0:00
Matt Grzelcyk 0 0 0 0 0 0 0 0 0 0 0/0 0:00 0:00 0:00
Michael Matheson 0 0 0 0 0 0 0 0 0 2 0/0 17:40 1:29 0:00
Michael Raffl 1 1 2 1 0 5 2 0 1 1 1/3 21:29 2:11 0:00
Nicolas Petan 0 0 0 0 0 0 0 0 0 0 0/0 0:00 0:00 0:00
Noel Acciari 1 1 2 2 0 4 1 2 0 2 7/15 16:22 2:04 0:00
Pavel Buchnevich 0 0 0 0 0 0 0 0 0 0 0/0 9:49 0:00 0:00
Scott Wilson 0 0 0 0 0 0 0 0 0 0 0/0 0:38 0:14 0:00
Tom Wilson 0 1 1 0 0 1 1 0 1 0 0/0 12:20 0:14 0:00
Tomas Kundratek 0 0 0 1 0 1 2 0 0 1 0/0 24:36 3:00 0:00
Zach Trotman 0 0 0 0 0 1 1 2 0 0 0/0 17:40 1:29 0:00
Players Stats for Carnivores
Player Name G A P +/- PIM S H SB GA TA FO MP PP MP PK MP
------------------------------------------------------------------------------------
Adam Almquist 0 0 0 1 0 0 0 0 0 0 0/0 5:18 0:00 0:00
Anton Gustafsson 0 0 0 -2 0 0 3 0 1 1 15/24 18:13 0:00 0:00
Blake Geoffrion 1 0 1 -1 0 5 1 0 4 0 3/4 22:40 0:00 0:00
Chris Lawrence 0 1 1 -2 0 1 1 1 1 1 0/0 19:02 0:00 2:30
Curtis Lazar 0 0 0 0 0 0 0 0 0 0 0/0 2:35 0:00 0:00
David Schlemko 0 0 0 0 0 1 0 1 0 0 0/0 13:57 0:00 1:24
Frederik Gauthier 0 0 0 1 0 0 1 0 0 1 2/6 9:32 0:00 2:30
Hunter Shinkaruk 0 0 0 1 0 3 0 0 0 0 0/0 7:39 0:00 0:32
Jeremy Welsh 0 0 0 -2 2 1 1 0 0 0 1/1 16:36 0:00 0:00
Jeremy Williams 0 0 0 -2 0 1 1 0 0 0 0/1 18:57 0:00 0:44
Josh Manson 0 0 0 -1 0 1 2 1 0 0 0/0 18:47 0:00 0:37
Mark McNeill 0 0 0 0 0 1 0 1 0 0 0/0 13:39 0:00 0:00
Markus Granlund 1 0 1 -2 0 3 3 1 1 0 9/19 17:37 0:00 1:00
Mat Clark 0 0 0 -1 0 0 1 2 0 1 0/0 19:40 0:00 1:24
Mattias Backman 0 0 0 0 0 2 0 0 0 1 0/0 13:38 0:00 1:11
Nate Schmidt 0 1 1 -2 0 2 0 3 0 0 0/0 27:14 0:00 3:05
Nicolas Kerdiles 0 0 0 0 0 3 2 0 0 0 0/0 15:21 0:00 1:42
Sasha Pokulok 0 0 0 -3 4 1 3 0 0 1 0/0 21:24 0:00 1:17
Zack Smith 0 0 0 0 0 2 2 0 0 1 4/7 13:39 0:00 0:00
3 Stars
1 - A.J. Jenks (Lon)
2 - Noel Acciari (Lon)
3 - Michael Raffl (Lon)
Power Play
Knights - 1 on 3 Attempt(s) - 33.33%
Carnivores - 0 on 0 Attempt(s) - 0.00%
Penalty Kill
Knights - 0 on 0 Attempt(s) - 0.00%
- Score 0 goal in Penalty Kill
Carnivores - 2 on 3 Attempt(s) - 66.67%
- Score 0 goal in Penalty Kill
Team Stat
Knights - Hits : 17 - Faceoff Wins : 28 - Blocked Shots : 5 - Penalty Minutes : 0
Carnivores - Hits : 21 - Faceoff Wins : 34 - Blocked Shots : 10 - Penalty Minutes : 6
Official
Referees : Unknown
Linesman : Unknown
Game Notes
Antti Raanta enters game at 19:50 of 2nd period
Finance
Level 1 -- Attendance: 1625 (81.25%) -- Ticket Income $65,000
Level 2 -- Attendance: 720 (72.00%) -- Ticket Income $14,400
Total Attendance: 2345 (78.17%)
Total Ticket Income: $79,400
Other Income: $3,970
Total Income: $83,370
Knights
5 vs 5 Forward
Center Left Wing Right Wing Time % Phy DF OF
1 Cody Bass Michael Raffl Josh Bailey 40 1 2 2
2 Noel Acciari A.J. Jenks Linden Vey 30 1 2 2
3 Brendan Gaunce Brandon Saad Tom Wilson 20 1 2 2
4 Alan Quine Jordan Martinook Pavel Buchnevich 10 1 2 2
5 vs 5 Defense
Defense Defense Time % Phy DF OF
1 Tomas Kundratek Jared Spurgeon 40 1 2 2
2 Zach Trotman Michael Matheson 30 1 2 2
3 Jaccob Slavin Collin Miller 20 1 2 2
4 Ludwig Bystrom David Shields 10 1 2 2
PowerPlay Forward
Center Left Wing Right Wing Time % Phy DF OF
1 Cody Bass Michael Raffl Josh Bailey 60 1 2 2
2 Noel Acciari A.J. Jenks Linden Vey 40 1 2 2
PowerPlay Defense
Defense Defense Time % Phy DF OF
1 Tomas Kundratek Jared Spurgeon 60 1 2 2
2 Zach Trotman Michael Matheson 40 1 2 2
Penalty Kill 4 Players Forward
Center Wing Time % Phy DF OF
1 Josh Bailey Michael Raffl 60 1 2 2
2 Cody Bass Noel Acciari 40 1 2 2
Penalty Kill 4 Players Defense
Defense Defense Time % Phy DF OF
1 Tomas Kundratek Jared Spurgeon 60 1 2 2
2 Zach Trotman Michael Matheson 40 1 2 2
Penalty Kill - 3 Players Forward
Forward Time % Phy DF OF
1 Josh Bailey 60 1 2 2
2 Michael Raffl 40 1 2 2
Penalty Kill - 3 Players Defense
Defense Defense Time % Phy DF OF
1 Tomas Kundratek Jared Spurgeon 60 1 2 2
2 Zach Trotman Michael Matheson 40 1 2 2
4 vs 4 Forward
Center Wing Time % Phy DF OF
1 Josh Bailey Michael Raffl 60 1 2 2
2 Cody Bass Noel Acciari 40 1 2 2
4 vs 4 Defense
Defense Defense Time % Phy DF OF
1 Tomas Kundratek Jared Spurgeon 60 1 2 2
2 Zach Trotman Michael Matheson 40 1 2 2
Last Minutes Offensive
Center Left Wing Right Wing Defense Defense
Cody Bass Michael Raffl Josh Bailey Tomas Kundratek Jared Spurgeon
Last Minutes Defensive
Center Left Wing Right Wing Defense Defense
Cody Bass Michael Raffl Josh Bailey Tomas Kundratek Jared Spurgeon
Goaltenders
Starting : Ben Scrivens
Backup : Magnus Hellberg
Extra Forwards
Normal : Brett Connolly, Scott Wilson, Nicolas Petan - PP : Brett Connolly, Scott Wilson - PK : Nicolas Petan
Extra Defensemen
Normal : Matt Grzelcyk, Jaccob Slavin, Collin Miller - PP : Matt Grzelcyk - PK : Jaccob Slavin, Collin Miller
Penalty Shots
Josh Bailey, Michael Raffl, Cody Bass, Noel Acciari, Linden Vey
Scratches
Zach Nastasiuk (Healthy), Andreas Athanasiou (Left Leg Injury), Matt Puempel (Healthy), Matthew Benning (Healthy), Trevor Moore (Healthy)
Anthony Louis (Healthy), Travis Boyd (Healthy), Anton Blidh (Healthy), Connor Knapp (Healthy), Eamon McAdam (Healthy)
Philippe Desrosiers (Healthy), Ville Husso (Healthy)
Carnivores
5 vs 5 Forward
Center Left Wing Right Wing Time % Phy DF OF
1 Anton Gustafsson Blake Geoffrion Jeremy Williams 40 1 2 2
2 Markus Granlund Jeremy Welsh Chris Lawrence 30 1 2 2
3 Zack Smith Nicolas Kerdiles Mark McNeill 20 1 2 2
4 Frederik Gauthier Hunter Shinkaruk Blake Geoffrion 10 1 2 2
5 vs 5 Defense
Defense Defense Time % Phy DF OF
1 Sasha Pokulok Nate Schmidt 40 1 2 2
2 Mat Clark Josh Manson 30 1 2 2
3 David Schlemko Mattias Backman 20 1 2 2
4 Adam Almquist Nate Schmidt 10 1 2 2
PowerPlay Forward
Center Left Wing Right Wing Time % Phy DF OF
1 Anton Gustafsson Blake Geoffrion Mark McNeill 60 1 2 2
2 Markus Granlund Jeremy Welsh Jeremy Williams 40 1 2 2
PowerPlay Defense
Defense Defense Time % Phy DF OF
1 Sasha Pokulok Nate Schmidt 60 1 2 2
2 Mat Clark David Schlemko 40 1 2 2
Penalty Kill 4 Players Forward
Center Wing Time % Phy DF OF
1 Frederik Gauthier Chris Lawrence 60 1 2 2
2 Jeremy Williams Nicolas Kerdiles 40 1 2 2
Penalty Kill 4 Players Defense
Defense Defense Time % Phy DF OF
1 Sasha Pokulok Nate Schmidt 60 1 2 2
2 Mat Clark David Schlemko 40 1 2 2
Penalty Kill - 3 Players Forward
Forward Time % Phy DF OF
1 Chris Lawrence 60 1 2 2
2 Curtis Lazar 40 1 2 2
Penalty Kill - 3 Players Defense
Defense Defense Time % Phy DF OF
1 Sasha Pokulok Nate Schmidt 60 1 2 2
2 Mat Clark David Schlemko 40 1 2 2
4 vs 4 Forward
Center Wing Time % Phy DF OF
1 Markus Granlund Blake Geoffrion 60 1 2 2
2 Zack Smith Nicolas Kerdiles 40 1 2 2
4 vs 4 Defense
Defense Defense Time % Phy DF OF
1 Nate Schmidt Mat Clark 60 1 2 2
2 Sasha Pokulok Josh Manson 40 1 2 2
Last Minutes Offensive
Center Left Wing Right Wing Defense Defense
Markus Granlund Blake Geoffrion Jeremy Williams Nate Schmidt Mat Clark
Last Minutes Defensive
Center Left Wing Right Wing Defense Defense
Zack Smith Blake Geoffrion Jeremy Williams Nate Schmidt Mat Clark
Goaltenders
Starting : Tristan Jarry
Backup : Antti Raanta
Extra Forwards
Normal : Curtis Lazar, Markus Granlund, Nicolas Kerdiles - PP : Curtis Lazar, Nicolas Kerdiles - PK : Nicolas Kerdiles
Extra Defensemen
Normal : Adam Almquist, Mattias Backman, Sasha Pokulok - PP : Adam Almquist - PK : Mattias Backman, Sasha Pokulok
Penalty Shots
Blake Geoffrion, Anton Gustafsson, Jeremy Williams, Hunter Shinkaruk, Zack Smith
Scratches
Connor Clifton (Healthy), Stanislav Galiev (Healthy), Mark MacMillan (Healthy), Tyler Graovac (Healthy), Troy Bourke (Healthy)
Alexandre Mallet (Healthy), Michael Schumacher (Healthy), T.J Brodie (Sprained Right Knee Injury), Niklas Svedberg (Healthy)
% Time on Ice - Knights
Lines # - Real PCT - Wanted PCT - Time Play
Normal Forward
1 - 35% - 40% - 19:37
2 - 26% - 30% - 14:23
3 - 21% - 20% - 11:42
4 - 18% - 10% - 9:49
Normal Defense
1 - 39% - 40% - 21:36
2 - 29% - 30% - 16:11
3 - 18% - 20% - 9:57
4 - 14% - 10% - 7:47
PP Forward
1 - 50% - 60% - 2:14
2 - 50% - 40% - 2:15
PP Defense
1 - 67% - 60% - 3:00
2 - 33% - 40% - 1:29
PK Forward
1 - 0% - 60%
2 - 0% - 40%
PK Defense
1 - 0% - 60%
2 - 0% - 40%
PK3 Forward
1 - 0% - 60%
2 - 0% - 40%
PK3 Defense
1 - 0% - 60%
2 - 0% - 40%
44 Forward
1 - 0% - 60%
2 - 0% - 40%
44 Defense
1 - 0% - 60%
2 - 0% - 40%
Last Minute Offensive - 0:00
Last Minute Defensive - 0:00
Total
Forward - 60:00
Defense - 60:00
|
% Time on Ice - Carnivores
Lines # - Real PCT - Wanted PCT - Time Play
Normal Forward
1 - 33% - 40% - 18:18
2 - 30% - 30% - 16:32
3 - 25% - 20% - 13:39
4 - 13% - 10% - 7:02
Normal Defense
1 - 36% - 40% - 20:09
2 - 33% - 30% - 18:16
3 - 22% - 20% - 12:27
4 - 8% - 10% - 4:39
PP Forward
1 - 0% - 60%
2 - 0% - 40%
PP Defense
1 - 0% - 60%
2 - 0% - 40%
PK Forward
1 - 84% - 60% - 3:45
2 - 16% - 40% - 0:44
PK Defense
1 - 69% - 60% - 3:05
2 - 31% - 40% - 1:24
PK3 Forward
1 - 0% - 60%
2 - 0% - 40%
PK3 Defense
1 - 0% - 60%
2 - 0% - 40%
44 Forward
1 - 0% - 60%
2 - 0% - 40%
44 Defense
1 - 0% - 60%
2 - 0% - 40%
Last Minute Offensive - 0:00
Last Minute Defensive - 0:00
Total
Forward - 60:00
Defense - 60:00
|
Play-by-Play
1st period
0:01 of 1st period - Anton Gustafsson wins face-off versus Michael Raffl in neutral zone.
0:16 of 1st period - Slapshot by Michael Raffl.
0:16 of 1st period - Stopped by Tristan Jarry without a rebound.
0:17 of 1st period - Markus Granlund wins face-off versus Noel Acciari in Carnivores zone.
1:01 of 1st period - Wrist shot by Hunter Shinkaruk.
1:01 of 1st period - Stopped by Ben Scrivens with a rebound.
1:03 of 1st period - Snap shot by Mattias Backman.
1:03 of 1st period - Stopped by Ben Scrivens without a rebound.
1:04 of 1st period - Alan Quine wins face-off versus Frederik Gauthier in Knights zone.
1:04 of 1st period - Alan Quine is hit by Sasha Pokulok.
1:22 of 1st period - Jaccob Slavin is hit by Sasha Pokulok and loses puck.
1:36 of 1st period - Slapshot by Hunter Shinkaruk.
1:36 of 1st period - Stopped by Ben Scrivens without a rebound.
1:37 of 1st period - Cody Bass wins face-off versus Markus Granlund in Knights zone.
1:52 of 1st period - Snap shot by Jeremy Welsh.
1:52 of 1st period - Shot Misses the Net.
4:13 of 1st period - Wrist shot by Chris Lawrence.
4:13 of 1st period - Shot Blocked by Zach Trotman.
4:25 of 1st period - Snap shot by Nicolas Kerdiles.
4:25 of 1st period - Shot Misses the Net.
5:15 of 1st period - Snap shot by A.J. Jenks.
5:15 of 1st period - Shot Hit the Post.
5:19 of 1st period - Slapshot by Linden Vey.
5:19 of 1st period - Stopped by Tristan Jarry without a rebound.
5:20 of 1st period - Cody Bass wins face-off versus Anton Gustafsson in Carnivores zone.
5:47 of 1st period - A.J. Jenks is hit by Jeremy Welsh and loses puck.
6:43 of 1st period - Frederik Gauthier is hit by Josh Bailey.
6:59 of 1st period - Snap shot by Jeremy Welsh.
6:59 of 1st period - Stopped by Ben Scrivens with a rebound.
7:33 of 1st period - Slapshot by Alan Quine.
7:33 of 1st period - Stopped by Tristan Jarry without a rebound.
7:34 of 1st period - Michael Raffl wins face-off versus Markus Granlund in Carnivores zone.
7:35 of 1st period - Wrist shot by Josh Bailey.
7:35 of 1st period - Deflect By Michael Raffl.
7:35 of 1st period - Deflect By Nate Schmidt.
7:35 of 1st period - Shot Misses the Net.
7:35 of 1st period - Puck is out of play.
7:36 of 1st period - Markus Granlund wins face-off versus Cody Bass in Carnivores zone.
8:27 of 1st period - Wrist shot by Blake Geoffrion.
8:27 of 1st period - Goal by Blake Geoffrion - Knights : 0 - Carnivores : 1.
8:28 of 1st period - Anton Gustafsson wins face-off versus Cody Bass in neutral zone.
8:31 of 1st period - Wrist shot by Blake Geoffrion.
8:31 of 1st period - Stopped by Ben Scrivens with a rebound.
8:58 of 1st period - Snap shot by Linden Vey.
8:58 of 1st period - Stopped by Tristan Jarry without a rebound.
8:59 of 1st period - Anton Gustafsson wins face-off versus Noel Acciari in Carnivores zone.
9:49 of 1st period - Josh Manson is hit by Tomas Kundratek and loses puck.
10:11 of 1st period - Wrist shot by Blake Geoffrion.
10:11 of 1st period - Shot Misses the Net.
10:13 of 1st period - Snap shot by Blake Geoffrion.
10:13 of 1st period - Shot Misses the Net.
10:15 of 1st period - Slapshot by Nate Schmidt.
10:15 of 1st period - Stopped by Ben Scrivens with a rebound.
10:17 of 1st period - Slapshot by Sasha Pokulok.
10:17 of 1st period - Stopped by Ben Scrivens without a rebound.
10:18 of 1st period - Blake Geoffrion wins face-off versus Cody Bass in Knights zone.
10:19 of 1st period - Wrist shot by Anton Gustafsson.
10:19 of 1st period - Shot Blocked by Jaccob Slavin.
10:21 of 1st period - Wrist shot by Nate Schmidt.
10:21 of 1st period - Stopped by Ben Scrivens without a rebound.
10:22 of 1st period - Cody Bass wins face-off versus Anton Gustafsson in Knights zone.
10:22 of 1st period - Cody Bass is hit by Jeremy Williams.
11:32 of 1st period - Slapshot by Tomas Kundratek.
11:32 of 1st period - Shot Misses the Net.
11:34 of 1st period - Wrist shot by Tom Wilson.
11:34 of 1st period - Deflect By Brendan Gaunce.
11:34 of 1st period - Stopped by Tristan Jarry without a rebound.
11:35 of 1st period - Cody Bass wins face-off versus Frederik Gauthier in Carnivores zone.
11:50 of 1st period - Wrist shot by Blake Geoffrion.
11:50 of 1st period - Shot Misses the Net.
12:08 of 1st period - Icing by Cody Bass.
12:09 of 1st period - Jeremy Welsh wins face-off versus Cody Bass in Knights zone.
13:01 of 1st period - Snap shot by Cody Bass.
13:01 of 1st period - Stopped by Tristan Jarry with a rebound.
13:03 of 1st period - Wrist shot by Michael Raffl.
13:03 of 1st period - Stopped by Tristan Jarry without a rebound.
13:04 of 1st period - Linden Vey wins face-off versus Zack Smith in Carnivores zone.
13:38 of 1st period - Snap shot by Brandon Saad.
13:38 of 1st period - Shot Blocked by Markus Granlund.
14:15 of 1st period - Snap shot by Linden Vey.
14:15 of 1st period - Shot Misses the Net.
16:19 of 1st period - Wrist shot by Hunter Shinkaruk.
16:19 of 1st period - Shot Blocked by Noel Acciari.
16:21 of 1st period - Slapshot by Mattias Backman.
16:21 of 1st period - Stopped by Ben Scrivens without a rebound.
16:22 of 1st period - Zack Smith wins face-off versus Cody Bass in Knights zone.
16:50 of 1st period - Snap shot by Mark McNeill.
16:50 of 1st period - Stopped by Ben Scrivens with a rebound.
17:06 of 1st period - Slapshot by Josh Bailey.
17:06 of 1st period - Deflect By Michael Raffl.
17:06 of 1st period - Shot Misses the Net.
17:06 of 1st period - Puck is out of play.
17:07 of 1st period - Anton Gustafsson wins face-off versus Noel Acciari in Carnivores zone.
17:18 of 1st period - Jaccob Slavin is hit by Sasha Pokulok and loses puck.
17:43 of 1st period - Icing by David Shields.
17:44 of 1st period - Brendan Gaunce wins face-off versus Markus Granlund in Knights zone.
17:44 of 1st period - Brendan Gaunce is hit by Markus Granlund.
17:54 of 1st period - Slapshot by Brendan Gaunce.
17:54 of 1st period - Shot Blocked by Mat Clark.
17:56 of 1st period - Slapshot by David Shields.
17:56 of 1st period - Stopped by Tristan Jarry with a rebound.
17:58 of 1st period - Wrist shot by Tom Wilson.
17:58 of 1st period - Shot Blocked by Mat Clark.
18:00 of 1st period - Slapshot by David Shields.
18:00 of 1st period - Shot Blocked by Josh Manson.
18:02 of 1st period - Snap shot by Brandon Saad.
18:02 of 1st period - Goal by Brandon Saad - Knights : 1 - Carnivores : 1.
18:03 of 1st period - Anton Gustafsson wins face-off versus Cody Bass in neutral zone.
18:35 of 1st period - Snap shot by Markus Granlund.
18:35 of 1st period - Stopped by Ben Scrivens with a rebound.
18:53 of 1st period - Brandon Saad is hit by Zack Smith and loses puck.
19:24 of 1st period - Icing by Cody Bass.
19:25 of 1st period - Markus Granlund wins face-off versus Cody Bass in Knights zone.
Goals for this period are 1 for Knights vs 1 for Carnivores.
Shots for this period are 9 for Knights vs 12 for Carnivores.
2nd period
0:01 of 2nd period - Cody Bass wins face-off versus Blake Geoffrion in neutral zone.
0:04 of 2nd period - Snap shot by Michael Raffl.
0:04 of 2nd period - Stopped by Tristan Jarry with a rebound.
0:06 of 2nd period - Snap shot by Tomas Kundratek.
0:06 of 2nd period - Shot Misses the Net.
0:08 of 2nd period - Slapshot by Tomas Kundratek.
0:08 of 2nd period - Stopped by Tristan Jarry without a rebound.
0:09 of 2nd period - Anton Gustafsson wins face-off versus Michael Raffl in Carnivores zone.
0:26 of 2nd period - Nate Schmidt is hit by Cody Bass.
0:34 of 2nd period - Wrist shot by Michael Raffl.
0:34 of 2nd period - Deflect By Josh Bailey.
0:34 of 2nd period - Shot Hit the Post.
0:34 of 2nd period - Puck is out of play.
0:35 of 2nd period - Noel Acciari wins face-off versus Markus Granlund in Carnivores zone.
0:36 of 2nd period - Slapshot by A.J. Jenks.
0:36 of 2nd period - Goal by A.J. Jenks - Knights : 2 - Carnivores : 1.
0:37 of 2nd period - Noel Acciari wins face-off versus Jeremy Williams in neutral zone.
1:04 of 2nd period - Michael Raffl is hit by Chris Lawrence and loses puck.
1:11 of 2nd period - Slapshot by Collin Miller.
1:11 of 2nd period - Shot Misses the Net.
1:51 of 2nd period - Snap shot by Hunter Shinkaruk.
1:51 of 2nd period - Stopped by Ben Scrivens with a rebound.
2:24 of 2nd period - Snap shot by Josh Bailey.
2:24 of 2nd period - Stopped by Tristan Jarry without a rebound.
2:25 of 2nd period - Markus Granlund wins face-off versus Cody Bass in Carnivores zone.
3:12 of 2nd period - Off-side.
3:13 of 2nd period - Blake Geoffrion wins face-off versus Alan Quine in neutral zone.
4:21 of 2nd period - Wrist shot by Zack Smith.
4:21 of 2nd period - Stopped by Ben Scrivens without a rebound.
4:22 of 2nd period - Anton Gustafsson wins face-off versus Brendan Gaunce in Knights zone.
4:29 of 2nd period - Slapshot by Anton Gustafsson.
4:29 of 2nd period - Shot Misses the Net.
4:31 of 2nd period - Slapshot by Blake Geoffrion.
4:31 of 2nd period - Stopped by Ben Scrivens without a rebound.
4:32 of 2nd period - Anton Gustafsson wins face-off versus Cody Bass in Knights zone.
4:46 of 2nd period - Michael Raffl is hit by Anton Gustafsson.
5:23 of 2nd period - Wrist shot by Josh Bailey.
5:23 of 2nd period - Shot Misses the Net.
6:09 of 2nd period - Off-side.
6:10 of 2nd period - Noel Acciari wins face-off versus Markus Granlund in neutral zone.
6:13 of 2nd period - Slapshot by Linden Vey.
6:13 of 2nd period - Shot Blocked by Chris Lawrence.
6:15 of 2nd period - Snap shot by Noel Acciari.
6:15 of 2nd period - Shot Blocked by Nate Schmidt.
6:17 of 2nd period - Snap shot by Noel Acciari.
6:17 of 2nd period - Goal by Noel Acciari - Knights : 3 - Carnivores : 1.
6:18 of 2nd period - Noel Acciari wins face-off versus Markus Granlund in neutral zone.
6:20 of 2nd period - Off-side.
6:21 of 2nd period - Markus Granlund wins face-off versus Noel Acciari in neutral zone.
6:23 of 2nd period - Off-side.
6:24 of 2nd period - Noel Acciari wins face-off versus Markus Granlund in neutral zone.
6:40 of 2nd period - Snap shot by Chris Lawrence.
6:40 of 2nd period - Shot Misses the Net.
6:52 of 2nd period - Slapshot by Sasha Pokulok.
6:52 of 2nd period - Shot Blocked by Noel Acciari.
7:30 of 2nd period - Wrist shot by Michael Raffl.
7:30 of 2nd period - Shot Misses the Net.
7:32 of 2nd period - Wrist shot by Cody Bass.
7:32 of 2nd period - Stopped by Tristan Jarry without a rebound.
7:33 of 2nd period - Cody Bass wins face-off versus Markus Granlund in Carnivores zone.
7:38 of 2nd period - Snap shot by Cody Bass.
7:38 of 2nd period - Stopped by Tristan Jarry with a rebound.
7:46 of 2nd period - Snap shot by Cody Bass.
7:46 of 2nd period - Shot Blocked by David Schlemko.
7:48 of 2nd period - Snap shot by Josh Bailey.
7:48 of 2nd period - Shot Misses the Net.
8:24 of 2nd period - Anton Gustafsson is hit by Jordan Martinook.
8:57 of 2nd period - Jaccob Slavin is hit by Markus Granlund and loses puck.
9:19 of 2nd period - Snap shot by Nicolas Kerdiles.
9:19 of 2nd period - Shot Misses the Net.
9:49 of 2nd period - Snap shot by Chris Lawrence.
9:49 of 2nd period - Deflect By Markus Granlund.
9:49 of 2nd period - Stopped by Ben Scrivens with a rebound.
10:17 of 2nd period - Tom Wilson is hit by Zack Smith and loses puck.
10:30 of 2nd period - Blake Geoffrion is hit by A.J. Jenks and loses puck.
10:43 of 2nd period - Chris Lawrence is hit by Alan Quine and loses puck.
10:50 of 2nd period - Alan Quine is hit by Josh Manson and loses puck.
11:34 of 2nd period - David Schlemko is hit by Josh Bailey and loses puck.
12:01 of 2nd period - Snap shot by Josh Bailey.
12:01 of 2nd period - Stopped by Tristan Jarry with a rebound.
12:03 of 2nd period - Slapshot by Michael Matheson.
12:03 of 2nd period - Deflect By Michael Raffl.
12:03 of 2nd period - Stopped by Tristan Jarry without a rebound.
12:04 of 2nd period - Noel Acciari wins face-off versus Markus Granlund in Carnivores zone.
12:05 of 2nd period - Wrist shot by A.J. Jenks.
12:05 of 2nd period - Shot Misses the Net.
12:07 of 2nd period - Minor Penalty to Jeremy Welsh for Holding.
12:08 of 2nd period - Frederik Gauthier wins face-off versus Noel Acciari in Carnivores zone.
13:03 of 2nd period - Nate Schmidt is hit by A.J. Jenks.
14:04 of 2nd period - Sasha Pokulok is hit by Tom Wilson and loses puck.
14:07 of 2nd period - Penalty to Jeremy Welsh is over, Jeremy Welsh is back on ice.
14:11 of 2nd period - Snap shot by Tom Wilson.
14:11 of 2nd period - Deflect By Brett Connolly.
14:11 of 2nd period - Shot Misses the Net.
14:11 of 2nd period - Puck is out of play.
14:12 of 2nd period - Anton Gustafsson wins face-off versus Alan Quine in Carnivores zone.
14:14 of 2nd period - Icing by Blake Geoffrion.
14:15 of 2nd period - Alan Quine wins face-off versus Anton Gustafsson in Carnivores zone.
14:29 of 2nd period - Slapshot by Jordan Martinook.
14:29 of 2nd period - Shot Misses the Net.
15:06 of 2nd period - Wrist shot by Noel Acciari.
15:06 of 2nd period - Stopped by Tristan Jarry with a rebound.
15:08 of 2nd period - Snap shot by Noel Acciari.
15:08 of 2nd period - Stopped by Tristan Jarry with a rebound.
16:32 of 2nd period - Backhand shot by Nicolas Kerdiles.
16:32 of 2nd period - Shot Misses the Net.
17:03 of 2nd period - Icing by Mat Clark.
17:04 of 2nd period - Alan Quine wins face-off versus Zack Smith in Carnivores zone.
17:30 of 2nd period - Icing by Zach Trotman.
17:31 of 2nd period - Markus Granlund wins face-off versus Noel Acciari in Knights zone.
18:00 of 2nd period - Wrist shot by Chris Lawrence.
18:00 of 2nd period - Shot Misses the Net.
18:02 of 2nd period - Snap shot by Jeremy Welsh.
18:02 of 2nd period - Deflect By Chris Lawrence.
18:02 of 2nd period - Shot Misses the Net.
18:02 of 2nd period - Puck is out of play.
18:03 of 2nd period - Anton Gustafsson wins face-off versus Cody Bass in Knights zone.
18:14 of 2nd period - Anton Gustafsson is hit by Josh Bailey and loses puck.
18:57 of 2nd period - Slapshot by Linden Vey.
18:57 of 2nd period - Shot Blocked by Nate Schmidt.
18:59 of 2nd period - Wrist shot by Linden Vey.
18:59 of 2nd period - Shot Misses the Net.
19:01 of 2nd period - Wrist shot by Noel Acciari.
19:01 of 2nd period - Stopped by Tristan Jarry without a rebound.
19:02 of 2nd period - Anton Gustafsson wins face-off versus Cody Bass in Carnivores zone.
19:10 of 2nd period - Off-side.
19:11 of 2nd period - Cody Bass wins face-off versus Anton Gustafsson in neutral zone.
19:20 of 2nd period - Snap shot by Josh Bailey.
19:20 of 2nd period - Shot Misses the Net.
19:34 of 2nd period - Snap shot by Cody Bass.
19:34 of 2nd period - Goal by Cody Bass - Knights : 4 - Carnivores : 1.
19:35 of 2nd period - Cody Bass wins face-off versus Anton Gustafsson in neutral zone.
19:48 of 2nd period - Wrist shot by Josh Bailey.
19:48 of 2nd period - Stopped by Tristan Jarry with a rebound.
19:50 of 2nd period - Snap shot by Michael Raffl.
19:50 of 2nd period - Goal by Michael Raffl - Knights : 5 - Carnivores : 1.
19:50 of 2nd period - Antti Raanta enters game.
19:51 of 2nd period - Blake Geoffrion wins face-off versus Noel Acciari in neutral zone.
19:56 of 2nd period - Noel Acciari is hit by Anton Gustafsson and loses puck.
Goals for this period are 4 for Knights vs 0 for Carnivores.
Shots for this period are 15 for Knights vs 4 for Carnivores.
3rd period
0:01 of 3rd period - Noel Acciari wins face-off versus Anton Gustafsson in neutral zone.
0:33 of 3rd period - Minor Penalty to Sasha Pokulok for Hooking.
0:34 of 3rd period - Cody Bass wins face-off versus Frederik Gauthier in Carnivores zone.
1:54 of 3rd period - Linden Vey is hit by Josh Manson and loses puck.
2:33 of 3rd period - Penalty to Sasha Pokulok is over, Sasha Pokulok is back on ice.
3:33 of 3rd period - Markus Granlund is hit by Collin Miller and loses puck.
3:46 of 3rd period - Noel Acciari is hit by Nicolas Kerdiles and loses puck.
5:56 of 3rd period - Brendan Gaunce is hit by Mat Clark and loses puck.
6:03 of 3rd period - Slapshot by David Schlemko.
6:03 of 3rd period - Stopped by Ben Scrivens without a rebound.
6:04 of 3rd period - Markus Granlund wins face-off versus Noel Acciari in Knights zone.
6:05 of 3rd period - Snap shot by Chris Lawrence.
6:05 of 3rd period - Shot Misses the Net.
7:20 of 3rd period - Snap shot by Chris Lawrence.
7:20 of 3rd period - Deflect By Alan Quine.
7:20 of 3rd period - Stopped by Ben Scrivens without a rebound.
7:21 of 3rd period - Markus Granlund wins face-off versus Cody Bass in Knights zone.
7:26 of 3rd period - Snap shot by Markus Granlund.
7:26 of 3rd period - Deflect By Jared Spurgeon.
7:26 of 3rd period - Goal by Markus Granlund - Knights : 5 - Carnivores : 2.
7:27 of 3rd period - Cody Bass wins face-off versus Anton Gustafsson in neutral zone.
8:18 of 3rd period - Linden Vey is hit by Nicolas Kerdiles and loses puck.
8:59 of 3rd period - Blake Geoffrion is hit by Brandon Saad and loses puck.
9:26 of 3rd period - Hunter Shinkaruk is hit by Tomas Kundratek and loses puck.
12:37 of 3rd period - Pavel Buchnevich is hit by Frederik Gauthier and loses puck.
12:54 of 3rd period - Snap shot by Tom Wilson.
12:54 of 3rd period - Shot Blocked by Mark McNeill.
13:00 of 3rd period - Slapshot by Jared Spurgeon.
13:00 of 3rd period - Deflect By Brendan Gaunce.
13:00 of 3rd period - Shot Misses the Net.
13:00 of 3rd period - Puck is out of play.
13:01 of 3rd period - Cody Bass wins face-off versus Markus Granlund in Carnivores zone.
13:28 of 3rd period - Snap shot by Tom Wilson.
13:28 of 3rd period - Shot Misses the Net.
13:30 of 3rd period - Slapshot by Brendan Gaunce.
13:30 of 3rd period - Stopped by Antti Raanta with a rebound.
13:32 of 3rd period - Wrist shot by Tom Wilson.
13:32 of 3rd period - Stopped by Antti Raanta without a rebound.
13:33 of 3rd period - Anton Gustafsson wins face-off versus Brendan Gaunce in Carnivores zone.
13:40 of 3rd period - David Shields is hit by Anton Gustafsson and loses puck.
14:03 of 3rd period - Wrist shot by Michael Raffl.
14:03 of 3rd period - Shot Blocked by Nate Schmidt.
14:31 of 3rd period - David Schlemko is hit by Noel Acciari and loses puck.
14:48 of 3rd period - Alan Quine is hit by Blake Geoffrion and loses puck.
15:25 of 3rd period - Blake Geoffrion is hit by Michael Raffl and loses puck.
16:09 of 3rd period - Icing by Pavel Buchnevich.
16:10 of 3rd period - Frederik Gauthier wins face-off versus Alan Quine in Knights zone.
16:13 of 3rd period - Snap shot by Blake Geoffrion.
16:13 of 3rd period - Stopped by Ben Scrivens with a rebound.
16:19 of 3rd period - Markus Granlund is hit by Zach Trotman and loses puck.
16:24 of 3rd period - Wrist shot by Pavel Buchnevich.
16:24 of 3rd period - Deflect By Alan Quine.
16:24 of 3rd period - Stopped by Antti Raanta with a rebound.
16:26 of 3rd period - Slapshot by Zach Trotman.
16:26 of 3rd period - Deflect By Jeremy Welsh.
16:26 of 3rd period - Stopped by Antti Raanta with a rebound.
16:28 of 3rd period - Slapshot by Michael Matheson.
16:28 of 3rd period - Deflect By Pavel Buchnevich.
16:28 of 3rd period - Shot Misses the Net.
16:28 of 3rd period - Puck is out of play.
16:29 of 3rd period - Anton Gustafsson wins face-off versus Cody Bass in Carnivores zone.
16:37 of 3rd period - Minor Penalty to Sasha Pokulok for Hooking.
16:38 of 3rd period - Cody Bass wins face-off versus Frederik Gauthier in Carnivores zone.
16:57 of 3rd period - Frederik Gauthier is hit by Michael Raffl and loses puck.
17:08 of 3rd period - Slapshot by Jared Spurgeon.
17:08 of 3rd period - Deflect By A.J. Jenks.
17:08 of 3rd period - Goal by A.J. Jenks - Knights : 6 - Carnivores : 2.
17:09 of 3rd period - Anton Gustafsson wins face-off versus Cody Bass in neutral zone.
17:20 of 3rd period - Snap shot by Jeremy Williams.
17:20 of 3rd period - Stopped by Ben Scrivens without a rebound.
17:21 of 3rd period - Cody Bass wins face-off versus Anton Gustafsson in Knights zone.
17:30 of 3rd period - Snap shot by Cody Bass.
17:30 of 3rd period - Shot Misses the Net.
17:48 of 3rd period - A.J. Jenks is hit by Markus Granlund and loses puck.
17:55 of 3rd period - Snap shot by Jeremy Welsh.
17:55 of 3rd period - Shot Misses the Net.
17:57 of 3rd period - Slapshot by Josh Manson.
17:57 of 3rd period - Stopped by Ben Scrivens without a rebound.
17:58 of 3rd period - Zack Smith wins face-off versus Brendan Gaunce in Knights zone.
17:59 of 3rd period - Slapshot by Nicolas Kerdiles.
17:59 of 3rd period - Stopped by Ben Scrivens with a rebound.
18:01 of 3rd period - Snap shot by Zack Smith.
18:01 of 3rd period - Stopped by Ben Scrivens without a rebound.
18:02 of 3rd period - Zack Smith wins face-off versus Brendan Gaunce in Knights zone.
18:03 of 3rd period - Snap shot by Nicolas Kerdiles.
18:03 of 3rd period - Stopped by Ben Scrivens without a rebound.
18:04 of 3rd period - Brendan Gaunce wins face-off versus Zack Smith in Knights zone.
18:06 of 3rd period - Icing by Brandon Saad.
18:07 of 3rd period - Zack Smith wins face-off versus Brendan Gaunce in Knights zone.
18:08 of 3rd period - Wrist shot by Nicolas Kerdiles.
18:08 of 3rd period - Stopped by Ben Scrivens without a rebound.
18:09 of 3rd period - Anton Gustafsson wins face-off versus Cody Bass in Knights zone.
18:22 of 3rd period - Wrist shot by Blake Geoffrion.
18:22 of 3rd period - Stopped by Ben Scrivens without a rebound.
18:23 of 3rd period - A.J. Jenks wins face-off versus Anton Gustafsson in Knights zone.
19:56 of 3rd period - Snap shot by Markus Granlund.
19:56 of 3rd period - Deflect By Jeremy Welsh.
19:56 of 3rd period - Shot Blocked by Zach Trotman.
19:56 of 3rd period - Puck is out of play.
19:57 of 3rd period - Markus Granlund wins face-off versus Cody Bass in Knights zone.
Goals for this period are 1 for Knights vs 1 for Carnivores.
Shots for this period are 5 for Knights vs 11 for Carnivores.
Back to the Top